 Dungeon Crawl Stone Soup version 0.31.0-11-ge490571c62 (webtiles) character file.

Game seed: 9180941771395269269

6973 mopl the Carver (level 11, -6/129 HPs)
             Began as a Merfolk Fighter on Feb 8, 2024.
             Was an Initiate of Okawaru.
             Mangled by a catoblepas (12 damage)
             ... on level 8 of the Dungeon.
             The game lasted 00:14:54 (9364 turns).

mopl the Carver (Merfolk Fighter)                   Turns: 9364, Time: 00:14:54

Health: -6/129     AC: 14    Str: 21    XL:     11   Next: 8%
Magic:  21/21      EV: 13    Int:  7    God:    Okawaru [......]
Gold:   5          SH:  0    Dex: 14    Spells: 10/10 levels left

rFire   . . .        a - +0 scimitar
rCold   . . .        f - orb {light}
rNeg    . . .        t - +2 scale mail {rPois}
rPois   +            q - +0 helmet
rElec   .            (no cloak)
rCorr   .            (no gloves)
SInv    .            (no boots)
Will    .....        (no amulet) Stlth
                     r - ring of magical power
HPRegen 0.41/turn    b - +4 ring of protection
MPRegen 0.17/turn

%: no passive effects
@: berserking, glowing, very quick
A: (nimble swimmer 2), mertail
a: Renounce Religion


You were on level 8 of the Dungeon.
You worshipped Okawaru.
Okawaru was noncommittal.
You visited 2 branches of the dungeon, and saw 10 of its levels.
You also visited: Sewer.

You collected 431 gold pieces.
You spent 426 gold pieces at shops.

Inventory:

Hand Weapons
 a - a +0 scimitar (weapon)
 v - a +1 hand cannon of draining
 C - a +1 spear of venom
 L - a +0 heavy hand axe
 V - a +1 long sword of holy wrath
Missiles
 e - 5 javelins
 j - 32 poisoned darts (quivered)
 F - 3 boomerangs
Armour
 c - a +0 buckler
 f - an orb of light (worn)
 q - a +0 helmet (worn)
 t - a +2 scale mail of poison resistance (worn)
 S - a +8 plate armour of ponderousness
Jewellery
 b - a +4 ring of protection (right hand)
 i - a ring of flight
 r - a ring of magical power (left hand)
 N - a ring of wizardry
 O - a ring of magical power
Wands
 y - a wand of light (10)
 H - a wand of digging (5)
 J - a wand of polymorph (15)
 M - a wand of flame (30)
 R - a wand of mindburst (5)
Scrolls
 g - 3 scrolls of revelation {unknown}
 h - 4 scrolls of identify
 m - 2 scrolls of vulnerability
 n - a scroll of butterflies {unknown}
 p - 10 scrolls of poison
 s - a scroll of enchant weapon {unknown}
 u - 2 scrolls of enchant armour {unknown}
 x - 2 scrolls of blinking
 D - 6 scrolls of teleportation
 E - 2 scrolls of fear {unknown}
 U - a scroll of immolation
Potions
 d - 4 potions of might
 k - 3 potions of haste
 l - 4 potions of mutation
 o - 3 potions of enlightenment
 z - 4 potions of lignification
 A - 5 potions of curing
 B - a potion of attraction
 G - a potion of brilliance
 I - a potion of resistance
 K - a potion of ambrosia
 T - a potion of degeneration {unknown}
Miscellaneous
 w - a tin of tremorstones (2/2)


   Skills:
 + Level 8.3 Fighting
 * Level 11.7 Long Blades
 + Level 4.4 Throwing
 + Level 5.7 Armour
 + Level 8.7 Dodging
 - Level 3.0 Shields
 + Level 1.7 Invocations
 + Level 4.1 Evocations


You had 10 spell levels left.
You didn't know any spells.
Your spell library contained the following spells:

 Spells                   Type           Power      Damage    Failure   Level
 Mercury Vapours          Alch/Air       0%         N/A       87%         2
 Stone Arrow              Conj/Erth      0%         3d7       98%         3
 Sticky Flame             Fire/Alch      0%         2d4       100%        4
 Eringya's Noxious Bog    Alch           0%         4d6       100%        6


Dungeon Overview and Level Annotations

Branches:
Dungeon (9/15)             Temple (1/1) D:6            Lair (0/5) D:8
  Sewer (visited)
    Orc: D:9-12

Altars:
Ashenzari
Cheibriados
Dithmenos
Elyvilon
Fedhas
Gozag
Hepliaklqana
Kikubaaqudgha
Makhleb
Nemelex Xobeh
Okawaru
Qazlal
Ru
Sif Muna
Trog
Uskayaw
Vehumet
Wu Jian
Xom
Yredelemnul
Zin
The Shining One

Shops:
D:1 [:(*:   D:5 :   D:9 ?


Innate Abilities, Weirdness & Mutations

((You are very nimble when in or above water. (Stealth+, EV+, Speed+++)))
Your lower body shifts to a powerful aquatic tail in water.


Message History

Unknown command.
Aiming: Mindburst
Press: ? - help, Shift-Dir - straight line, f/p - catoblepas
Aim: a catoblepas (moderately wounded, blind, unable to see you, haloed, chance to affect: 16%)
Okay, then.
Unknown command.
Okay, then.
The catoblepas breathes a plume of calcifying dust at you.
The blast of calcifying dust hits you but does no damage.
Aiming: Bolt of Light
Press: ? - help, Shift-Dir - straight line, f/p - catoblepas
Aim: a catoblepas (calcifying dust, moderately wounded, blind, unable to see you, haloed, 100% to hit)
The bolt of light hits the catoblepas!
The catoblepas is moderately wounded.
The catoblepas is no longer blind.
Aiming: Bolt of Light
Press: ? - help, Shift-Dir - straight line, f/p - catoblepas
Aim: a catoblepas (moderately wounded, haloed, 100% to hit)
The bolt of light hits the catoblepas!
The catoblepas is severely wounded.
The catoblepas is blinded.
You feel like a meek peon again. The catoblepas gores you!
* * * LOW HITPOINT WARNING * * *
You feel much better.
The catoblepas breathes a plume of calcifying dust at you.
The blast of calcifying dust hits you but does no damage.
The catoblepas is no longer blind.
A red film seems to cover your vision as you go berserk!
You feel yourself moving faster!
You feel mighty! The catoblepas gores you!!
* * * LOW HITPOINT WARNING * * *
Unknown command.
You hit the catoblepas.
The catoblepas is heavily wounded.
The catoblepas gores you!
* * * LOW HITPOINT WARNING * * *
You hit the catoblepas.
The catoblepas is severely wounded.
The catoblepas gores you!
You die...

#####'##########.....#####
.......###.##.....#...#..#
...#....#...#.....#..#...#
...#....'...#.....'..#...#
...#....#...#.....#..#...#
...#....#...#.....#..#...#
...#....#...#....(#..#...#
...###..#####...Y§########
######..########@.§..# ###
..........'....#...§.#
##..
..........#....#....§#
##...
..........#....#.....#
###...#
..........#....#.....#
#......
..........#....#.....#
#...#.)
###.##########.#.....##
#..##..
###.###..[####.##.....#
#...#.)
..#..'.......#..#.....#
###.....


You could see a catoblepas.

Vanquished Creatures
  Pikel (D:5)
  2 elephants
  Maggie (D:8)
  A hornet (D:8)
  7 yaks
  Grum (D:9)
  3 ice beasts (D:6)
  2 sky beasts
  2 orc warriors
  A black bear (D:4)
  2 ogres (D:4)
  3 wolves
  A centaur (D:8)
  4 lemures (D:5)
  2 kobold brigands (D:8)
  6 bullfrogs
  3 scorpions
  A gnoll sergeant (D:8)
  A wight (D:9)
  5 killer bees (D:9)
  5 howler monkeys
  4 hounds
  11 orc priests
  3 gnoll boudas
  An iguana (D:5)
  Jessica (D:2)
  Ijyb (D:5)
  Terence (D:2)
  2 sleepcaps
  Natasha (thrice) (D:2)
  20 orc wizards
  Robin (D:5)
  20 gnolls
  13 adders
  2 ufetubi (D:5)
  9 dart slugs
  2 ribbon worms
  32 orcs
  12 ball pythons
  7 bats
  3 endoplasms
  17 giant cockroaches
  9 goblins
  12 hobgoblins
  5 jackals (D:3)
  15 kobolds
  6 quokkas
  10 frilled lizards
  3 rats
279 creatures vanquished.

Notes
Turn   | Place    | Note
-------+----------+-------------------------------------------
     0 | D:1      | mopl the Merfolk Fighter began the quest for the Orb.
     0 | D:1      | Reached XP level 1. HP: 18/18 MP: 1/1
   198 | D:1      | Reached XP level 2. HP: 24/24 MP: 2/2
   244 | D:1      | Reached skill level 3 in Long Blades
   244 | D:1      | Reached skill level 1 in Dodging
   251 | D:1      | Found Fozyluga's Book Boutique.
   278 | D:1      | Found Toblyg's Book Boutique.
   283 | D:1      | Found Jastoujo's Assorted Antiques.
   302 | D:1      | Found Joloicw's Weapon Shop.
   303 | D:1      | Bought a dark potion for 18 gold pieces
   345 | D:1      | Reached XP level 3. HP: 28/29 MP: 3/3
   564 | D:1      | Found Celim's Armour Shoppe.
   721 | D:2      | Noticed Jessica
   726 | D:2      | Killed Jessica
   727 | D:2      | Reached XP level 4. HP: 14/37 MP: 4/4
   816 | D:2      | Noticed Natasha
   824 | D:2      | Killed Natasha
   825 | D:2      | Reached skill level 4 in Long Blades
  1205 | D:2      | Noticed Terence
  1216 | D:2      | Killed Terence
  1217 | D:2      | Reached XP level 5. HP: 27/42 MP: 5/5
  1292 | D:2      | Noticed Natasha
  1302 | D:2      | Killed Natasha
  1446 | D:2      | Noticed Natasha
  1450 | D:2      | Killed Natasha
  1895 | D:3      | Reached skill level 5 in Long Blades
  1903 | D:3      | Reached XP level 6. HP: 48/48 MP: 6/6
  1925 | D:3      | Found a glowing drain.
  1952 | Sewer    | Entered a sewer
  2246 | D:3      | Reached XP level 7. HP: 53/55 MP: 7/7
  2444 | D:3      | Found a faded altar of an unknown god.
  2591 | D:3      | Reached skill level 6 in Long Blades
  2676 | D:4      | Reached skill level 5 in Fighting
  2957 | D:4      | Reached skill level 7 in Long Blades
  3022 | D:4      | Reached XP level 8. HP: 42/63 MP: 8/8
  3105 | D:4      | Reached skill level 5 in Dodging
  3389 | D:5      | Entered Level 5 of the Dungeon
  3638 | D:5      | Found Isseg's Book Shoppe.
  3793 | D:1      | Bought a scroll labelled GUMMOUJIRE for 21 gold pieces
  3793 | D:1      | Bought a scroll labelled GUMMOUJIRE for 21 gold pieces
  3793 | D:1      | Bought a fizzy dark potion for 18 gold pieces
  3793 | D:1      | Bought a short lead wand for 84 gold pieces
  3793 | D:1      | Bought a fizzy silvery potion for 18 gold pieces
  3793 | D:1      | Bought a scroll labelled ILLUECK OXESH for 21 gold pieces
  4243 | D:5      | Noticed Pikel
  4265 | D:5      | Killed Pikel
  4266 | D:5      | Reached skill level 8 in Long Blades
  4310 | D:5      | Noticed Ijyb
  4311 | D:5      | Noticed Robin
  4330 | D:5      | Killed Ijyb
  4331 | D:5      | Reached XP level 9. HP: 63/70 MP: 9/9
  4338 | D:5      | Killed Robin
  4339 | D:5      | Reached skill level 9 in Long Blades
  4940 | D:6      | Reached skill level 1 in Throwing
  4940 | D:6      | Reached skill level 1 in Evocations
  5018 | D:6      | Got the Disquisition on the Terrestrial Beaker
  5345 | D:6      | Found a staircase to the Ecumenical Temple.
  5361 | Temple   | Entered the Ecumenical Temple
  5921 | D:7      | Reached skill level 10 in Long Blades
  6452 | D:7      | Reached skill level 5 in Armour
  6452 | D:7      | Reached XP level 10. HP: 79/79 MP: 10/10
  7175 | D:8      | Noticed an elephant
  7218 | D:7      | Killed an elephant
  7417 | D:8      | Noticed Maggie
  7422 | D:8      | Reached skill level 11 in Long Blades
  7436 | D:8      | Killed Maggie
  7696 | D:8      | Found a staircase to the Lair.
  7729 | D:8      | Noticed an elephant
  7769 | D:8      | Killed an elephant
  8262 | D:8      | Found an iron altar of Okawaru.
  8268 | D:8      | Became a worshipper of Warmaster Okawaru
  8730 | D:9      | Noticed Grum
  8760 | D:8      | Reached skill level 1 in Invocations
  8985 | D:9      | Killed Grum
  8986 | D:9      | Reached XP level 11. HP: 53/86 MP: 11/11
  9103 | D:9      | Found Egat's Magic Scroll Shop.
  9114 | D:9      | Bought a scroll of poison for 60 gold pieces
  9114 | D:9      | Bought a scroll of immolation for 60 gold pieces
  9114 | D:9      | Bought a scroll of teleportation for 45 gold pieces
  9158 | D:9      | Bought a scroll of vulnerability for 60 gold pieces
  9183 | D:9      | Reached * piety under Okawaru
  9234 | D:9      | Noticed a catoblepas
  9356 | D:8      | HP: 3/86 [catoblepas (13)]
  9363 | D:8      | HP: 6/129 [catoblepas (8)]
  9364 | D:8      | Mangled by a catoblepas

Illustrated notes

Levels and vault maps discovered:
D:1:      minmay_arrival_floating_metal, layout_basic, serial_shops, shop,
          nicolae_shop_waterfront, nicolae_shop_scrapyard,
          nicolae_shop_peninsula, nicolae_shop_hallway_plus
D:2:      layout_rooms, kennysheep_minor_cross, uniq_terence, uniq_natasha,
          uniq_jessica
D:3:      layout_basic, portal_sewer_entry_f, shapermc_ecumenical_altar_ellora,
          kennysheep_generic_room_11
D:4:      layout_cave_pods
D:5:      layout_loops_corners, serial_shops, nicolae_square_shop,
          nicolae_goblin_pals, uniq_pikel
D:6:      minmay_flawed_box, layout_gridville, minmay_temple_entry_proselytizer,
          minmay_misc_feat_rows
D:7:      layout_cave_pools
D:8:      layout_gridville, okawaru_ov_weapons_minmay,
          grunt_lair_entry_orc_guard_hut, dreamdust_deal_with_the_devil,
          uniq_maggie
D:9:      minmay_the_grid_octo_triangle [minmay_the_grid_octo_fan_narrow,
          minmay_the_grid_octo_prize_square_snowflake,
          minmay_the_grid_octo_focus], layout_stronghold, serial_shops, shop,
          shop, nicolae_shop_mannequins, minmay_misc_feat_encased,
          dk_noncrumbling_4, uniq_erolcha, uniq_grum, uniq_psyche
Temple:   compressed_dpeg_circular_temple

Skill      XL: |  1  2  3  4  5  6  7  8  9 10 |
---------------+-------------------------------+-----
Long Blades    | 3 4 5 7 8 10 11 | 11.7
Dodging        | 1 2 3 4 6 7 8 |  8.7
Fighting       | 4 5 6 7 8 |  8.3
Armour         | 3 4 5 |  5.7
Throwing       | 2 4 |  4.4
Evocations     | 2 4 |  4.1
Invocations    | 1 |  1.7
Shields        | |  3.0

Action                     |  1- 3 |  4- 6 |  7- 9 | 10-12 || total
---------------------------+-------+-------+-------+-------++-------
  Melee: Long sword        |    54 |   182 |   549 |       ||   785
         Tailslap          |       |    12 |       |       ||    12
         Scimitar          |       |       |     3 |   290 ||   293
  Throw: Dart              |       |       |    20 |     1 ||    21
         Javelin           |       |       |     1 |       ||     1
 Invoke: Heroism           |       |       |       |     1 ||     1
  Evoke: Wand              |       |       |     1 |     5 ||     6
    Use: Scroll            |       |       |    11 |       ||    11
         Potion            |       |       |       |     2 ||     2
 Armour: Scale mail        |    40 |   157 |   449 |   249 ||   895
  Dodge: Dodged            |    19 |   142 |   376 |   226 ||   763
  Block: Buckler           |     1 |       |       |       ||     1
